 Dungeon Crawl Stone Soup version 0.28-a0-750-g7c675f85b1 (webtiles) character file.

Game seed: 16405163969694576479

325 ytrimaz the Chopper (level 6, 0/46 HPs)
             Began as a Demonspawn Gladiator on Oct 29, 2021.
             Slain by an orc (4 damage)
             ... on level 4 of the Dungeon.
             The game lasted 00:04:03 (3951 turns).

ytrimaz the Chopper (Demonspawn Gladiator)          Turns: 3951, Time: 00:04:04

Health: 0/46       AC:  3    Str: 16    XL:     6   Next: 24%
Magic:  6/6        EV: 13    Int: 10    God:
Gold:   76         SH:  0    Dex: 14    Spells: 5/5 levels left

rFire   . . .      SeeInvis .     - Unarmed
rCold   . . .      Faith    .   (no shield)
rNeg    . . .      Spirit   .   b - +0 leather armour
rPois   .          Reflect  .   (helmet restricted)
rElec   .          Harm     .   (no cloak)
rCorr   .          Rampage  .   (no gloves)
Will    .....                   (no boots)
Stlth   +.........              (no amulet)
HPRegen 0.15/turn               (no ring)
MPRegen 0.10/turn               (no ring)

@: no status effects
A: claws 1, horns 2, weakness stinger 1
a: no special abilities


You were on level 4 of the Dungeon.
You visited 1 branch of the dungeon, and saw 4 of its levels.

You collected 76 gold pieces.

Inventory:

Missiles
 d - 3 throwing nets (quivered)
Armour
 b - a +0 leather armour (worn)
 c - a +0 helmet
Scrolls
 a - 5 scrolls of identify
 e - a scroll of amnesia


   Skills:
 + Level 2.6 Fighting
 - Level 4.6 Axes
 - Level 1.8 Throwing
 + Level 3.6 Dodging
 * Level 3.0 Unarmed Combat


You had 5 spell levels left.
You didn't know any spells.
Your spell library contained the following spells:

 Spells                   Type           Power      Damage    Failure   Level
 Magic Dart               Conj           0%         1d3       43%         1
 Call Imp                 Summ           0%         N/A       56%         2
 Mephitic Cloud           Conj/Pois/Air  0%         N/A       80%         3


Dungeon Overview and Level Annotations

Branches:
Dungeon (4/15)
 Temple: D:4-7

Altars:


Innate Abilities, Weirdness & Mutations

You have sharp fingernails.
You have a pair of horns on your head.
You have a small tail.


Message History

The orc hits you with a +0 club.
Unknown command.
You scratch the kobold but do no damage.
Your tail-slap misses the kobold.
The orc barely misses you. The kobold barely misses you.
The orc completely misses you. The orc hits you with a +0 club.
You closely miss the kobold. The orc closely misses you.
The kobold hits you but does no damage.
The orc hits you with a +1 dagger of protection.
You scratch the kobold.
You kill the kobold!
The orc hits you with a +0 club. The orc barely misses you. The orc misses you.
The orc hits you with a +0 club.
You see here a +0 dagger.
You scratch the orc but do no damage. Your headbutt misses the orc.
The orc closely misses you. The orc hits you with a +0 club.
* * * LOW HITPOINT WARNING * * *
The orc hits you with a +0 club.
* * * LOW HITPOINT WARNING * * *
You scratch the orc.
The orc is heavily wounded.
The orc closely misses you. The orc hits you with a +0 club.
* * * LOW HITPOINT WARNING * * *
The orc hits you but does no damage.
You scratch the orc but do no damage.
You tail-slap the orc, but do no damage.
The orc is heavily wounded.
The orc closely misses you. x2; The orc barely misses you.
You scratch the orc but do no damage.
The orc is heavily wounded.
The orc hits you but does no damage. The orc misses you.
The orc hits you with a +0 club.
* * * LOW HITPOINT WARNING * * *
A giant cockroach comes into view.
Unknown command.
You aren't carrying any potions.
As you read the scroll of fog, it crumbles to dust.
The scroll dissolves into smoke.
The orc misses you. The orc hits you with a +0 club.
You die...

#...........
.B≈..≈..≈≈#...........
.≈⌠.≈...≈ #......... .
.≈.)≈..≈≈ #.....#.##...#
≈..≈..≈≈≈##.#..........#
...≈..≈.##.>............
....≈≈..##..#...#!###..#
......§o#..##...#.# #..#
.....§§@o§####..#.###...
......§§o§# #..#.#.....
########### #..#.#.#.##
#####..........
#........#.####
#......#.#.###
#.###.......)# #†#
#.##.###.# #.# #.##.#
#.#


You could see 3 orcs and a giant cockroach (wandering).

Vanquished Creatures
  Sigmund (D:2)
  A hound (D:4)
  2 iguanas
  2 adders
  3 dart slugs
  8 orcs
  3 endoplasms
  A giant cockroach (D:2)
  4 goblins
  3 hobgoblins
  7 quokkas
  3 ball pythons
  3 bats
  3 frilled lizards
  6 kobolds
  A rat (D:3)
51 creatures vanquished.

Vanquished Creatures (others)
  A frilled lizard (D:2)
  2 withered plants (D:4)
3 creatures vanquished.

Grand Total: 54 creatures vanquished

Notes
Turn   | Place    | Note
-------+----------+-------------------------------------------
     0 | D:1      | ytrimaz the Demonspawn Gladiator began the quest for the
                  | Orb.
     0 | D:1      | Reached XP level 1. HP: 16/16 MP: 1/1
   277 | D:1      | Reached skill level 3 in Axes
   277 | D:1      | Discovered your monstrous ancestry.
   277 | D:1      | Gained mutation: You have a pair of small horns on your
                  | head. [demonic ancestry]
   277 | D:1      | Reached XP level 2. HP: 22/22 MP: 2/2
   766 | D:1      | Found a faded altar of an unknown god.
  1061 | D:2      | Noticed Sigmund
  1083 | D:2      | Killed Sigmund
  1084 | D:2      | Reached skill level 4 in Axes
  1084 | D:2      | Reached skill level 1 in Unarmed Combat
  1084 | D:2      | Gained mutation: You have a pair of horns on your head.
                  | [demonic ancestry]
  1084 | D:2      | Reached XP level 3. HP: 9/28 MP: 3/3
  1084 | D:2      | Gained mutation: You have a small tail. [demonic ancestry]
  1084 | D:2      | Reached XP level 4. HP: 11/34 MP: 4/4
  1084 | D:2      | Gained mutation: You have sharp fingernails. [demonic
                  | ancestry]
  1084 | D:2      | Reached XP level 5. HP: 13/39 MP: 5/5
  3398 | D:4      | Identified the +2 dagger of Outrage {drain, rN+}
  3631 | D:4      | Reached XP level 6. HP: 31/46 MP: 6/6
  3951 | D:4      | Slain by an orc

Illustrated notes

Levels and vault maps discovered:
D:1:      dpeg_arrival_castle, layout_basic, ebering_ecumenical_altar_webs,
          minmay_strange_pillars
D:2:      layout_basic, uniq_sigmund
D:3:      layout_basic
D:4:      cheibrodos_helix_gallery, layout_basic, nicolae_uskayaw_dance_hall,
          kiku_gazebo_garden_becter

Skill      XL: |  1  2  3  4  5  6 |
---------------+-------------------+-----
Axes           | 3 4 |  4.6
Dodging        | 3 |  3.6
Unarmed Combat | 1 2 3 |  3.0
Fighting       | |  2.6
Throwing       | |  1.8

Action                   |  1- 3 |  4- 6 || total
-------------------------+-------+-------++-------
Melee: War axe           |    42 |       ||    42
       Headbutt          |     3 |    23 ||    26
       Unarmed           |       |   126 ||   126
       Tailslap          |       |    19 ||    19
  Use: Potion            |     2 |     1 ||     3
       Scroll            |       |     6 ||     6
 Stab: Sleeping          |     1 |       ||     1
       Invisible         |     1 |       ||     1
Armor: Leather armour    |    15 |    15 ||    30
Dodge: Dodged            |    39 |    84 ||   123

Table legend: (Time is in decaauts)
 A = Elapsed time spent in this place.
 B = Non-inter-level travel time spent in this place.
 C = Inter-level travel time spent in this place.
 D = Time resting spent in this place.
 E = Time spent auto-exploring this place.
 F = Levels seen in this place.
 G = Mean time per level.
                   A        B        C        D        E       F      G
               +--------+--------+--------+--------+--------+-----+--------+
         Total |   3964 |   3772 |    192 |   1318 |   1956 |   4 |  991.0 |
       Dungeon |   3964 |   3772 |    192 |   1318 |   1956 |   4 |  991.0 |
               +--------+--------+--------+--------+--------+-----+--------+

Top non-repeatable levels by time:
     D:3: 1242 daAuts
     D:2: 1152 daAuts
     D:1: 1002 daAuts
     D:4: 566 daAuts
